Map: Ascension to Aiur LE

Players

MaNa

  • Race: Protoss Protoss
  • Spawn Location: 5:00

Serral - Winner!

  • Race: Zerg Zerg
  • Spawn Location: 11:00

Event: WCS Montreal 2017

VOD

Have the link to the VOD?

Description

Time

  • Played on: Sept. 9, 2017, 12:53 p.m.
  • Length: 2:34

All games in this series

Show
View Real Time Build Order
Export as new Build Order

MaNa Protoss 

Build Orders:  

Get SALT Encoding   

  12  0:00  Probe (Chrono Boost)  
  13  0:11  Probe (Chrono Boost)  
  14  0:18  Pylon  
  14  0:23  Probe (Chrono Boost)  
  15  0:39  Pylon  
  15  0:57  Gateway  
  15  0:58  Gateway  
  15  1:06  Forge  
  15  1:11  Probe (Chrono Boost)  
  16  1:19  Pylon  
  17  1:25  Probe (Chrono Boost)  
  17  1:37  Probe (Chrono Boost)  
  18  1:45  Zealot (Chrono Boost)  
  22  1:48  Zealot (Chrono Boost)  
  22  2:02  Photon Cannon  
  22  2:03  Photon Cannon  
  22  2:10  Pylon  
  26  2:20  Photon Cannon  
Show
View Real Time Build Order
Export as new Build Order

Serral Zerg - Winner!

Build Orders: Hatch First 

Get SALT Encoding   

  12  0:01  Drone  
  13  0:12  Overlord  
  13  0:17  Drone  
  14  0:31  Drone x2  
  16  0:49  Hatchery  
  15  0:51  Drone  
  15  0:55  Drone  
  17  1:00  Drone  
  18  1:06  Extractor  
  17  1:14  Spawning Pool  
  17  1:18  Drone  
  17  1:22  Drone  
  18  2:01  Zergling x2  
  18  2:02  Zergling x4  
  18  2:03  Spine Crawler  
  18  2:05  Zergling x2  
  23  2:13  Zergling x4  
Tags
 
Add a new tag
Caveats
  • Supply blocks, unpowered buildings, or Contaminate may cause inaccurate times.
  • Supply counts are checked every 10 seconds.